AoeStats
← 君临天下

Nomad

510788605Analyzed
2v2 RM · 1d ago on Oct 2, 2026· 31m 50s· 4 players
Game mode
Random Map
Map size
176×176
Population
200
Speed
Normal
Resources
Standard
Victory
Conquest
Starting age
Dark Age
Ending age
Imperial Age
RankedLock teamsTeams togetherTeam positionsShared explorationLock speedFull tech treeHidden civsTurbo modeCheats
Victory
Defeat
🇨🇳 Mongols · China
1081
+12
🇯🇵 Japanese · Japan
973
+17
🇹🇷 Goths · Türkiye
1009
-15
🇫🇷 Danes · France
978
-14
zombiekiller7
6:23 Loom
15:42 Feudal Age
16:18 Double-Bit Axe
16:13 Horse Collar
18:03 Man-at-Arms
22:35 Forging
26:58 Castle Age
27:14 Crossbowman
27:33 Long Swordsman
28:25 Fletching
29:27 Gold Mining
Duc de Pouille
5:23 Loom
14:34 Feudal Age
17:10 Man-at-Arms
24:01 Forging
24:42 Scale Mail Armor
28:45 Fletching
32:00 Castle Age
君临天下
6:46 Loom
14:51 Feudal Age
20:35 Horse Collar
23:49 Forging
23:44 Scale Barding Armor
23:52 Fishing Lines
28:00 Castle Age
26:54 Stone Mining
26:53 Double-Bit Axe
27:29 Bloodlines
27:27 Fletching
27:38 Padded Archer Armor
27:58 Gold Mining
Jojo
4:08 Loom
17:29 Feudal Age
17:32 Man-at-Arms
21:21 Wheelbarrow
20:42 Arson
25:07 Horse Collar
25:34 Fishing Lines
26:56 Fletching
28:09 Forging
32:00 Castle Age
30:27 Scale Mail Armor
32:14 Padded Archer Armor
Connection lost

Rejoining the realm…

Still unreachable

The connection could not be restored.

Session expired

The server has moved on; the page needs a fresh start.